Map: Neon Violet Square LE

Players

aLive

  • Race: Terran Terran
  • League: Grandmaster
  • Spawn Location: 11:00

Hurricane - Winner!

  • Race: Protoss Protoss
  • League: Master
  • Spawn Location: 5:00

Event: Memes & Dreams Invitational

VOD

Have the link to the VOD?

Description

Time

  • Played on: April 12, 2018, 11:25 p.m.
  • Length: 16:03

All games in this series

Show
View Real Time Build Order
Export as new Build Order

aLive Terran 

Build Orders: Gas First Reaper Expand, Reaper Expand, MMM Bio 

Get SALT Encoding   

  12  0:00  SCV  
  13  0:12  SCV  
  14  0:18  Supply Depot  
  14  0:24  SCV  
  15  0:29  Refinery  
  15  0:39  SCV  
  16  0:45  Barracks  
  16  0:51  SCV  
  17  1:03  SCV  
  18  1:16  SCV  
  19  1:32  Reaper, Orbital Command  
  20  1:46  Command Center  
  20  1:56  Factory  
  20  1:58  SCV  
  21  2:06  Barracks Reactor, Refinery  
  21  2:10  SCV  
  22  2:16  Supply Depot  
  22  2:22  SCV  
  23  2:38  SCV  
  23  2:42  Starport  
  23  2:43  Marine x2, Widow Mine  
  28  2:50  SCV  
  29  3:01  Marine x2  
  29  3:02  SCV  
  29  3:04  Orbital Command  
  32  3:08  Widow Mine  
  33  3:14  SCV  
  34  3:20  Marine x2  
  36  3:29  SCV  
  36  3:30  Viking  
  36  3:34  SCV  
  40  3:38  Marine x2  
  40  3:40  Factory Tech Lab  
  42  3:42  SCV  
  43  3:52  Supply Depot  
  43  3:53  SCV  
  43  3:54  SCV  
  45  3:56  Marine  
  46  4:14  SCV x2, Raven  
  51  4:18  Command Center  
  51  4:22  Factory Tech Lab  
  49  4:26  SCV x2  
  49  4:27  Supply Depot  
  49  4:29  Marine x2  
  53  4:38  SCV  
  53  4:42  Barracks  
  53  4:44  Barracks, Supply Depot  
  54  4:49  Siege Tank, SCV  
  58  4:57  Engineering Bay  
  58  5:02  SCV x2  
  60  5:08  Starport Reactor  
  60  5:16  SCV x2  
  62  5:21  Barracks  
  62  5:22  Barracks  
  62  5:24  Terran Infantry Weapons Level 1  
  62  5:25  Supply Depot  
  61  5:28  Marine x2  
  61  5:29  Factory Reactor  
  61  5:34  SCV  
  61  5:35  SCV  
  65  5:37  Orbital Command  
  65  5:42  Marine x2, Stimpack, Combat Shields  
  67  5:45  Refinery  
  67  5:46  Refinery  
  67  5:48  SCV x2  
  69  5:57  Supply Depot, Marine x2  
  69  5:58  Supply Depot  
  69  6:01  SCV x2  
  73  6:09  Barracks Tech Lab, Barracks Reactor, Marauder x2  
  76  6:17  Marine x2, Medivac x2  
  76  6:18  SCV x3  
  84  6:28  Supply Depot, Concussive Shells, Marauder  
  84  6:29  Supply Depot  
  86  6:35  SCV, Marauder x2  
  86  6:36  SCV x2  
  95  6:40  Widow Mine x2  
  95  6:41  Marine  
  95  6:42  Marine  
  95  6:46  Marine x2  
  101  6:48  SCV x2  
  101  6:49  Marine  
  101  6:50  SCV  
  105  6:55  Supply Depot  
  105  6:56  Supply Depot  
  105  7:00  SCV  
  106  7:02  Marine x2  
  106  7:04  Medivac x2  
  106  7:08  Marauder x2  
  116  7:09  Marauder  
  116  7:11  Widow Mine  
  116  7:13  Widow Mine  
  122  7:17  Marine x2  
  121  7:30  Marine x2  
  121  7:31  Marauder x3  
  121  7:33  SCV x3  
  121  7:35  Refinery x2  
  132  7:37  Starport  
  132  7:43  Fusion Core  
  132  7:57  Terran Infantry Armor Level 1  
  131  7:58  Marine x2  
  131  7:59  Marine x2  
  131  8:00  Marauder x3  
  140  8:13  SCV x2  
  141  8:21  Supply Depot, SCV  
  141  8:22  Supply Depot  
  141  8:23  Medivac x2  
  141  8:25  SCV  
  134  8:39  Marine x2  
  134  8:40  Marine x2, Marauder  
  134  8:41  Marauder x2  
  142  8:48  Widow Mine x2  
  142  8:49  Starport Tech Lab  
  142  8:58  Command Center  
  140  9:06  Liberator x3  
  130  9:11  Marine  
  113  9:17  Marine x3  
  113  9:18  Marine, Marauder x2  
  113  9:23  Advanced Ballistics  
  118  9:31  Widow Mine x2  
  118  9:35  SCV x3  
  121  9:44  Marine x3  
  122  9:49  Barracks  
  122  9:50  Barracks x2  
  122  9:51  Liberator x2  
  122  9:52  Liberator  
  121  9:53  Ghost Academy  
  121  9:59  Engineering Bay, Armory  
  110  10:00  Marine  
  110  10:01  Marauder x3  
  123  10:20  Widow Mine x2  
  127  10:23  Missile Turret  
  127  10:27  Missile Turret  
  127  10:28  Sensor Tower  
  127  10:38  Ghost x2  
  127  10:39  Ghost  
  132  10:49  Planetary Fortress  
  132  11:07  Marine  
  132  11:08  Marine x3  
  132  11:09  Barracks Tech Lab, Barracks Reactor x2  
  132  11:11  Terran Infantry Armor Level 2, Terran Infantry Weapons Level 2  
  136  11:27  Refinery  
  136  11:28  Marine x4, Ghost x3, Refinery  
  136  11:29  Ghost  
  145  11:46  Supply Depot x2  
  142  11:48  Command Center  
  142  11:51  SCV x3  
  142  11:53  Command Center  
  143  11:57  Ghost  
  143  11:58  Marauder x3  
  148  12:05  Terran Ship Weapons Level 1  
  148  12:09  SCV x3  
  148  12:14  Missile Turret, Starport Reactor  
  148  12:17  Marine x8  
  148  12:21  Marauder x3  
  162  12:24  Medivac x2  
  162  12:26  Marauder  
  168  12:38  Starport  
  168  12:39  Starport  
  168  12:45  Liberator x2  
  168  12:49  Widow Mine x2  
  172  12:57  Missile Turret  
  172  13:01  Medivac  
  172  13:02  Medivac  
  182  13:16  Missile Turret  
  182  13:17  Missile Turret  
  181  13:31  Corvid Reactor, Raven  
  181  13:32  Starport Tech Lab  
  183  13:36  Planetary Fortress  
  183  13:37  Starport  
  183  13:39  Starport  
  183  13:45  Refinery  
  183  13:46  Refinery  
  183  13:58  Raven, Orbital Command  
  185  14:08  Missile Turret  
  185  14:09  Missile Turret  
  185  14:12  Missile Turret  
  184  14:23  Raven  
  186  14:25  Starport Reactor, Starport Tech Lab  
  174  14:40  Raven  
  161  14:48  Viking x4  
  161  14:49  Raven  
  165  15:06  Raven  
  165  15:09  Marine x3, Viking x2  
  165  15:10  Marine x5, Ghost x2  
  165  15:11  Marauder x2  
  179  15:29  Viking x2  
  179  15:30  Marine x7, Viking x2  
  179  15:31  Marine  
Show
View Real Time Build Order
Export as new Build Order

Hurricane Protoss - Winner!

Build Orders: 1 Gate Expand, Blink Stalkers 

Get SALT Encoding   

  12  0:00  Probe  
  13  0:12  Probe  
  14  0:18  Pylon  
  14  0:25  Probe (Chrono Boost)  
  15  0:37  Probe (Chrono Boost), Gateway  
  16  0:45  Probe (Chrono Boost)  
  16  0:47  Assimilator  
  17  0:51  Probe  
  18  1:03  Probe  
  19  1:15  Probe  
  20  1:24  Nexus  
  20  1:34  Cybernetics Core  
  20  1:37  Probe  
  21  1:42  Assimilator  
  21  1:49  Probe  
  21  1:53  Pylon  
  22  2:01  Probe  
  23  2:10  Adept (Chrono Boost)  
  23  2:12  Warp Gate  
  23  2:14  Probe  
  26  2:21  Twilight Council  
  26  2:26  Probe (Chrono Boost)  
  26  2:28  Adept (Chrono Boost)  
  29  2:36  Probe (Chrono Boost)  
  30  2:44  Probe (Chrono Boost)  
  31  2:45  Probe (Chrono Boost)  
  31  2:50  Probe x2 (Chrono Boost)  
  33  2:51  Stalker  
  33  2:57  Blink (Chrono Boost)  
  36  3:02  Probe  
  37  3:06  Probe  
  38  3:14  Probe  
  38  3:18  Probe  
  40  3:25  Gateway  
  40  3:26  Probe, Gateway  
  41  3:30  Probe  
  41  3:31  Pylon  
  42  3:38  Probe  
  43  3:42  Stalker  
  43  3:43  Probe  
  46  3:53  Probe  
  46  3:55  Probe  
  48  4:04  Pylon  
  48  4:05  Probe  
  48  4:09  Nexus  
  49  4:13  Robotics Facility  
  49  4:16  Probe  
  50  4:25  Pylon  
  50  4:27  Assimilator x2  
  50  4:28  Stalker  
  50  4:29  Stalker  
  50  4:30  Probe  
  55  4:32  Probe  
  55  4:36  Stalker  
  58  4:41  Charge (Chrono Boost)  
  58  4:43  Probe  
  57  4:50  Probe, Forge  
  58  4:54  Sentry  
  58  4:55  Probe  
  58  4:59  Pylon, Stalker  
  61  5:02  Observer (Chrono Boost)  
  61  5:04  Stalker  
  64  5:14  Observer (Chrono Boost)  
  64  5:16  Protoss Ground Armor Level 1 (Chrono Boost)  
  64  5:18  Stalker  
  64  5:21  Probe x2  
  69  5:22  Probe  
  70  5:32  Gateway  
  70  5:33  Gateway  
  70  5:34  Gateway, Observer  
  73  5:37  Probe x2 (Chrono Boost)  
  73  5:39  Probe (Chrono Boost)  
  74  5:46  Templar Archives  
  77  5:50  Probe (Chrono Boost)  
  77  5:51  Probe (Chrono Boost)  
  77  5:52  Probe (Chrono Boost)  
  77  5:53  Gateway  
  77  5:55  Gateway  
  77  5:59  Probe  
  77  6:01  Probe  
  77  6:02  Probe  
  80  6:05  Immortal (Chrono Boost)  
  84  6:13  Psionic Storm  
  84  6:16  Probe x2  
  84  6:17  Probe  
  87  6:19  Assimilator  
  87  6:22  Assimilator  
  87  6:27  Pylon  
  87  6:29  Pylon  
  87  6:33  Probe  
  87  6:35  Warp Prism (Chrono Boost)  
  87  6:36  Pylon  
  87  6:38  High Templar  
  92  6:42  Pylon  
  92  6:45  Pylon, High Templar  
  92  6:46  Observer  
  94  6:47  Pylon  
  94  6:52  Forge  
  94  6:53  Zealot x4  
  102  6:54  High Templar  
  102  6:59  Probe x2  
  102  7:00  Probe, Shield Battery  
  107  7:11  Immortal  
  111  7:16  Pylon  
  111  7:27  Protoss Ground Weapons Level 1 (Chrono Boost)  
  111  7:28  Protoss Ground Armor Level 2 (Chrono Boost)  
  109  7:35  High Templar  
  109  7:36  High Templar  
  111  7:47  Gateway, Zealot x6  
  111  7:48  Gateway  
  123  7:52  Warp Prism  
  123  7:54  Observer  
  121  7:59  Nexus  
  121  8:01  Pylon  
  117  8:09  Photon Cannon, High Templar x2  
  117  8:10  Zealot x3, High Templar  
  117  8:12  Shield Battery  
  127  8:13  Zealot  
  113  8:34  Probe  
  114  8:41  Immortal  
  114  8:45  Stalker x7  
  114  8:46  Stalker  
  130  8:53  Shield Battery  
  130  8:54  Photon Cannon  
  130  8:58  Probe x3  
  133  9:05  Archon  
  127  9:12  Archon, Zealot x2  
  127  9:15  Protoss Ground Weapons Level 2 (Chrono Boost)  
  127  9:16  Zealot  
  127  9:17  Zealot x6  
  119  9:27  Zealot  
  119  9:30  Probe x3  
  124  9:34  Zealot x2  
  126  9:39  Warp Prism  
  126  9:43  Probe x4  
  126  9:44  Sentry  
  126  9:45  High Templar x2  
  134  9:51  High Templar x2  
  134  9:52  High Templar x2  
  140  10:01  Probe  
  141  10:07  Probe x2  
  141  10:08  Protoss Shields Level 1 (Chrono Boost)  
  141  10:09  Probe, Shield Battery  
  141  10:11  Robotics Bay  
  141  10:13  Probe, Robotics Facility  
  145  10:23  Zealot x3  
  145  10:27  Assimilator  
  151  10:30  Zealot x2  
  151  10:31  Assimilator, Observer (Chrono Boost)  
  154  10:55  Observer (Chrono Boost)  
  155  10:58  Colossus (Chrono Boost)  
  155  11:03  Pylon  
  161  11:04  Extended Thermal Lance (Chrono Boost)  
  161  11:07  Nexus  
  161  11:09  Pylon  
  161  11:16  Pylon  
  161  11:18  Pylon  
  161  11:19  Colossus (Chrono Boost), Protoss Ground Weapons Level 3 (Chrono Boost)  
  161  11:22  Stargate  
  166  11:28  Zealot  
  166  11:29  Zealot x5  
  175  11:39  Stalker x3  
  177  11:47  Stalker  
  177  11:49  Stalker  
  166  12:06  Stalker  
  166  12:07  Stalker  
  166  12:08  Stalker  
  168  12:19  Probe x2 (Chrono Boost), Fleet Beacon  
  168  12:20  Probe (Chrono Boost)  
  168  12:21  Probe (Chrono Boost)  
  172  12:29  Probe x2 (Chrono Boost), Protoss Ground Armor Level 3 (Chrono Boost)  
  174  12:31  Probe (Chrono Boost)  
  174  12:33  Probe (Chrono Boost)  
  176  12:38  Stargate  
  176  12:40  Probe (Chrono Boost)  
  176  12:41  Probe (Chrono Boost)  
  180  12:47  Probe (Chrono Boost)  
  180  12:48  Probe (Chrono Boost)  
  180  12:51  Probe (Chrono Boost)  
  181  12:52  Probe (Chrono Boost)  
  181  12:58  Probe  
  174  13:01  Zealot x4  
  174  13:02  High Templar x2  
  184  13:08  Archon  
  184  13:09  Zealot x3  
  184  13:12  High Templar  
  190  13:22  Tempest (Chrono Boost)  
  196  13:27  Tempest (Chrono Boost)  
  200  13:34  Stargate  
  200  13:35  Photon Cannon  
  200  13:37  Photon Cannon, Observer Gravitic Boosters (Chrono Boost)  
  200  13:40  Shield Battery, Observer (Chrono Boost)  
  200  14:06  Assimilator  
  200  14:09  Photon Cannon, Assimilator  
  200  14:11  Pylon  
  200  14:12  Shield Battery  
  198  14:27  Gravitic Drive  
  184  14:50  Disruptor x2  
  182  15:04  Tempest  
  182  15:05  Tempest x2  
  200  15:12  Archon  
  192  15:32  Observer x2  
  184  15:48  Zealot x10  
Tags
 
Add a new tag
Caveats
  • Supply blocks, unpowered buildings, or Contaminate may cause inaccurate times.
  • Supply counts are checked every 10 seconds.